 Dungeon Crawl Stone Soup version 0.26.1-11-gd32895ea62 (webtiles) character file.

Game seed: 7403924456170540036

140 jlumianski the Caller (level 5, -1/21 HPs)
             Began as a Felid Summoner on May 14, 2021.
             Slain by Grinder (10 damage)
             ... on level 4 of the Dungeon.
             The game lasted 00:29:35 (5599 turns).

jlumianski the Caller (Felid Summoner)              Turns: 5599, Time: 00:29:35

Health: -1/21      AC:  1    Str: 10    XL:     5   Next: 2%
Magic:  5/11       EV: 18    Int: 17    God:
Gold:   180        SH:  0    Dex: 17    Spells: 5/11 levels left
                                        Lives:  0   Deaths: 1

rFire    + . .     SeeInvis +   (weapon unavailable)
rCold    . . .     Faith    .   (shield unavailable)
rNeg     . . .     Spirit   .   (armour unavailable)
rPois    .         Reflect  .   (helmet unavailable)
rElec    .         Harm     .   (cloak unavailable)
rCorr    .         Rampage  .   (gloves unavailable)
Will     .....                  (boots unavailable)
Stlth    +++.......             p - amulet of the acrobat
HPRegen  0.07/turn              l - ring of protection from fire
MPRegen  0.12/turn              q - +6 ring of strength

@: quick
A: very small, no armour, no weapons or thrown items, stealth, claws 1, fangs 3,
see invisible, speed 1, shaggy fur 1, sharp paws
a: no special abilities


You were on level 4 of the Dungeon.
You visited 1 branch of the dungeon, and saw 5 of its levels.

You collected 232 gold pieces.
You spent 52 gold pieces at shops.

Inventory:

Jewellery
 l - a ring of protection from fire (left paw)
 o - an uncursed amulet of faith
 p - an amulet of the acrobat (around neck)
 q - a +6 ring of strength (right paw)
Wands
 s - a wand of flame (15)
Scrolls
 a - 2 scrolls of amnesia {unknown}
 b - a scroll of immolation {unknown}
 c - a scroll of magic mapping {unknown}
 d - 2 scrolls of teleportation
 f - a scroll of fear {unknown}
 n - a scroll of remove curse {unknown}
 r - a scroll of blinking {unknown}
 t - a scroll of identify
 u - a scroll of enchant weapon {unknown}
 v - a scroll of enchant armour {unknown}
Potions
 e - a potion of mutation {unknown}
 g - a potion of haste {unknown}
 i - a potion of degeneration {unknown}
 j - 2 potions of flight {unknown}
 k - a potion of might
 m - a potion of attraction {unknown}


   Skills:
 + Level 2.7 Dodging
 + Level 3.4 Stealth
 + Level 0.3 Unarmed Combat
 + Level 3.7 Spellcasting
 + Level 5.9 Summonings


You had 5 spell levels left.
You knew the following spells:

 Your Spells              Type           Power        Failure   Level
a - Summon Small Mammal   Summ           92%          1%          1
b - Call Imp              Summ           23%          2%          2
c - Call Canine Familiar  Summ           23%          4%          3

Your spell library contained the following spells:

 Spells                   Type           Power        Failure   Level
 Summon Guardian Golem    Hex/Summ       13%          14%         3
 Summon Ice Beast         Ice/Summ       13%          43%         4
 Summon Lightning Spire   Summ/Air       13%          43%         4


Dungeon Overview and Level Annotations

Branches:
Dungeon (5/15)
 Temple: D:4-7

Altars:
Ashenzari
Hepliaklqana
Qazlal
Yredelemnul

Shops:
D:5 ?}[

Annotations:
D:4 Grinder


Innate Abilities, Weirdness & Mutations

You cannot wear armour.
You are incapable of wielding weapons or throwing items.
Your paws allow you to move quietly. (Stealth)
You have sharp claws.
You have razor-sharp teeth.
You have supernaturally acute eyesight. (SInv)
You cover ground quickly.
You are covered in fur. (AC +1)
Your sharp claws are effective at attacking unaware monsters.


Message History

You closely miss Grinder.
Grinder is severely wounded.
Grinder misses you.
Your crimson imp barely misses Grinder.
You swap places.
Your bat hits Grinder. Grinder gestures at you.
Your bat barely resists.
Your crimson imp hits Grinder but does no damage.
You swap places.
Grinder misses your crimson imp.
Your crimson imp hits Grinder but does no damage.
You scratch Grinder but do no damage.
Grinder is almost dead.
Grinder hits you.
You writhe in agony.
Your crimson imp blinks!
You swap places.
Your bat completely misses Grinder.
Casting: Call Imp (safe; 2% risk of failure)
Confirm with . or Enter, or press ? or * to list all spells.
Your bat hits Grinder.
Your bat hits Grinder but does no damage. x2
Grinder hits you!
You die...

##[..####.#####..###
####
#..(..#.....5....#
#..
#.....###.######.#
#.# ##...## #.# #.#
#.# #...# #.# #.#
#.# #...####.# #.#
#.> #..5..rb.# #.#
### #######5## #.# #
#@# .# # #.# #.# #.#
#.##### #...h.#
########.# #... ..#
#.#######.#####..##
##


You could see Grinder, a friendly quokka (summoned) and a friendly bat
(summoned).

Vanquished Creatures
  A bat (D:2)
  A giant cockroach (D:3)
  A jackal (D:2)
  A goblin (D:2)
  A kobold (D:3)
  2 rats
7 creatures vanquished.

Vanquished Creatures (collateral kills)
  2 scorpions
  A jelly (D:5)
  An orc wizard (D:4)
  An orc priest (D:4)
  Ijyb (D:3)
  A worker ant zombie (D:5)
  5 adders
  3 gnolls (D:2)
  A howler monkey skeleton (D:4)
  A shadow imp (D:5)
  2 oozes
  5 worms
  3 dart slugs
  4 leopard geckos
  9 orcs
  A ball python (D:3)
  5 giant cockroaches
  2 goblins
  4 hobgoblins
  9 jackals
  A quokka (D:3)
  2 bats
  4 frilled lizards
  9 kobolds
  2 rats
79 creatures vanquished.

Grand Total: 86 creatures vanquished

Notes
Turn   | Place    | Note
-------+----------+-------------------------------------------
     0 | D:1      | jlumianski the Felid Summoner began the quest for the Orb.
     0 | D:1      | Reached XP level 1. HP: 7/7 MP: 4/4
  1180 | D:2      | Found a broken altar of Ashenzari.
  1300 | D:2      | Reached XP level 2. HP: 8/11 MP: 3/6
  1424 | D:2      | Learned a level 2 spell: Call Imp
  2252 | D:2      | Reached XP level 3. HP: 14/14 MP: 1/7
  2464 | D:2      | Found a basalt altar of Yredelemnul.
  2936 | D:3      | Noticed a water elemental
  2938 | D:3      | Found a stormy altar of Qazlal.
  3068 | D:3      | Noticed an earth elemental
  3074 | D:3      | Noticed an air elemental
  3207 | D:3      | Noticed Ijyb
  3359 | D:3      | Killed Ijyb
  3360 | D:3      | Reached XP level 4. HP: 18/18 MP: 2/9
  3364 | D:3      | Learned a level 3 spell: Call Canine Familiar
  3728 | D:3      | Found a hazy altar of Hepliaklqana.
  4084 | D:3      | Noticed a fire elemental
  4484 | D:4      | Reached skill level 5 in Summonings
  4591 | D:4      | You fall into a shaft and drop 1 floor!
  4591 | D:5      | Entered Level 5 of the Dungeon
  4646 | D:5      | Reached XP level 5. HP: 21/21 MP: 1/10
  4747 | D:5      | Found Vyethaibb's Magic Scroll Shoppe.
  4750 | D:5      | Bought a scroll of identify for 26 gold pieces
  4750 | D:5      | Bought a scroll of identify for 26 gold pieces
  4926 | D:5      | Found Congokel's Antique Armour Shop.
  4928 | D:5      | Found Buruliplu's Gadget Boutique.
  5059 | D:4      | Noticed Grinder
  5125 | D:4      | Paralysed by Grinder for 6 turns
  5234 | D:4      | Killed from afar by an orc priest
  5235 | D:4      | Reached XP level 4. HP: 0/18 MP: 4/10
  5412 | D:4      | Reached XP level 5. HP: 21/21 MP: 1/11
  5589 | D:4      | Paralysed by Grinder for 4 turns
  5599 | D:4      | Slain by Grinder

Illustrated notes

Levels and vault maps discovered:
D:1:      moated_graveyard_arrival, layout_basic
D:2:      layout_basic, nicolae_overflow_crystal_walls, ashenzari_altar_1
D:3:      layout_loops_corners, nicolae_overflow_hidden_temple,
          nicolae_qazlal_style_of_elements, uniq_ijyb
D:4:      layout_loops_ring, lemuel_crystal_altar,
          eino_small_chamber_without_monster, minmay_strange_pillars,
          serial_park_tiny_pond, uniq_grinder
D:5:      layout_basic, serial_shops, nicolae_shop_window_shopping, shop,
          nicolae_shop_statue_plus, shop_fountains, uniq_blork_the_orc

Skill      XL: |  1  2  3  4 |
---------------+-------------+-----
Stealth        | 3 |  3.4
Spellcasting   | 3 |  3.7
Summonings     | 5 |  5.9
Dodging        | |  2.7
Unarmed Combat | |  0.3

Action                   |  1- 3 |  4- 6 || total
-------------------------+-------+-------++-------
Melee: Unarmed           |    11 |    13 ||    24
 Cast: Summon Small Mamm |    97 |    59 ||   156
       Call Imp          |    22 |    27 ||    49
       Call Canine Famil |       |     6 ||     6
  Use: Potion            |     1 |     1 ||     2
       Scroll            |     3 |     1 ||     4
 Stab: Sleeping          |     5 |     3 ||     8
Armor: Skin              |       |     1 ||     1
Dodge: Dodged            |    18 |    33 ||    51
